 Dungeon Crawl Stone Soup version 0.32-a0-779-g362cfcae2a (webtiles) character file.

Game seed: 10850909512521114113

134089 retardedninja the Warrior (level 17, -4/132 HPs)
             Began as a Coglin Fighter on Mar 19, 2024.
             Was the Champion of Hepliaklqana.
             Slain by an emperor scorpion (5 damage)
             ... on level 2 of the Spider Nest on Mar 20, 2024.
             The game lasted 00:56:35 (35003 turns).

retardedninja the Warrior (Coglin Fighter)         Turns: 35003, Time: 00:56:47

Health: -4/132     AC: 27    Str: 29    XL:     17   Next: 16%
Magic:  20/20      EV:  7    Int:  6    God:    Hepliaklqana [******]
Gold:   1304       SH:  0    Dex: 13    Spells: 16/16 levels left

rFire   + . .        f - +9 war axe {Fredrik}
rCold   + . .        m - +9 lance "Wyrmbane" {slay drac, rPois rF+ rC+ AC+3}
rNeg    . . .        x - +5 plate armour
rPois   +            (no helmet)
rElec   .            (no cloak)
rCorr   +            q - +1 pair of gloves
SInv    .            B - +0 pair of boots
Will    ++...        (amulet unavailable) Stlth
                     (ring unavailable)
HPRegen 0.42/turn    (ring unavailable)
MPRegen 0.17/turn    a - actuated booster {rPois rCorr Slay+3 Clar RMsl}

%: repel missiles, clarity
@: about to teleport, hasted and slowed
A: reduced essence, off-hand wielding, slow wielding, warmup strikes, no
jewellery, strong-willed 1, strong 1
a: Renounce Religion, Recall Ancestor, Ancestor Identity, Transference, Idealise


You were on level 2 of the Spider Nest.
You worshipped Hepliaklqana.
Hepliaklqana was exalted by your worship.
You visited 5 branches of the dungeon, and saw 25 of its levels.
You also visited: Volcano.

You collected 2417 gold pieces.
You spent 1113 gold pieces at shops.

Inventory:

Hand Weapons
 f - a +9 war axe (weapon) {Fredrik}
 m - the +9 lance "Wyrmbane" (offhand) {slay drac, rPois rF+ rC+ AC+3}
   (You took it off Maggie on level 6 of the Dungeon)

   AC+3:      It affects your AC (+3).
   rF+:       It protects you from fire.
   rC+:       It protects you from cold.
   rPois:     It protects you from poison.
 y - a +0 broad axe
Missiles
 r - 7 throwing nets (quivered)
Armour
 q - a +1 pair of gloves (worn)
 x - a +5 plate armour (worn)
 B - a +0 pair of boots (worn)
Gizmo
 a - an actuated booster (installed) {rPois rCorr Slay+3 Clar RMsl}
   (You invented it yourself on level 5 of the Lair of Beasts)

   [actuated booster]

   Slay+3:    It affects your accuracy & damage with ranged weapons and melee
   (+3).
   rPois:     It protects you from poison.
   Clar:      It protects you from confusion, rage, mesmerisation and fear.
   RMsl:      It protects you from missiles.
   rCorr:     It protects you from acid and corrosion.
Wands
 o - a wand of digging (8)
 v - a wand of mindburst (26)
 E - a wand of iceblast (14)
 F - a wand of flame (17)
 G - a wand of polymorph (14)
 K - a wand of acid (1)
Scrolls
 b - a scroll of noise
 e - 3 scrolls of fog
 i - 3 scrolls of vulnerability
 k - 2 scrolls of silence
 u - 5 scrolls of immolation
 z - 2 scrolls of teleportation
 C - a scroll of torment
 D - a scroll of poison
 H - 5 scrolls of identify
 J - 2 scrolls of amnesia
Potions
 c - 2 potions of magic
 d - 3 potions of ambrosia
 g - a potion of curing
 j - 2 potions of cancellation
 l - 4 potions of mutation
 n - a potion of degeneration
 p - 2 potions of attraction
 s - 5 potions of enlightenment
 w - 2 potions of brilliance
 A - a potion of lignification
 I - 2 potions of haste
 L - 3 potions of resistance
 N - 4 potions of berserk rage
Miscellaneous
 M - a sack of spiders


   Skills:
 * Level 17.2 Fighting
 + Level 16.5(19.4) Axes
 - Level 15.7(18.2) Polearms
 + Level 11.7 Armour
 * Level 0.5 Dodging
 - Level 2.1 Shields
 * Level 4.5 Invocations


You had 16 spell levels left.
You didn't know any spells.
Your spell library contained the following spells:

 Spells                   Type           Power      Damage    Failure   Level
 Freeze                   Ice            0%         1d3       98%         1
 Magic Dart               Conj           0%         1d3       98%         1
 Sting                    Conj/Alch      0%         1d3       98%         1
 Summon Small Mammal      Summ           0%         N/A       98%         1
 Cigotuvi's Dreadful Rot  Necr/Alch/Air  0%         N/A       99%         2
 Jinxbite                 Hex            0%         N/A       99%         2
 Mercury Vapours          Alch/Air       0%         N/A       99%         2
 Searing Ray              Conj           0%         2d4       99%         2
 Call Canine Familiar     Summ           0%         N/A       100%        3
 Dazzling Flash           Conj/Hex       0%         N/A       100%        3
 Frozen Ramparts          Ice            0%         1d1       100%        3
 Gell's Gravitas          Tloc           0%         N/A       100%        3
 Hailstorm                Conj/Ice       0%         3d5       100%        3
 Mephitic Cloud           Conj/Alch/Air  0%         N/A       100%        3
 Ozocubu's Armour         Ice            0%         N/A       100%        3
 Teleport Other           Tloc           0%         N/A       100%        3
 Anguish                  Hex/Necr       0%         N/A       100%        4
 Cause Fear               Hex            0%         N/A       100%        4
 Dispel Undead            Necr           0%         3d6       100%        4
 Fulminant Prism          Conj/Alch      0%         3d5       100%        4
 Martyr's Knell           Necr/Summ      0%         N/A       100%        4
 Olgreb's Toxic Radiance  Alch           0%         N/A       100%        4
 Summon Blazeheart Golem  Fire/Summ      0%         N/A       100%        4
 Curse of Agony           Necr           0%         N/A       100%        5
 Fireball                 Conj/Fire      0%         3d3       100%        5
 Metabolic Englaciation   Hex/Ice        0%         N/A       100%        5
 Silence                  Hex/Air        0%         N/A       100%        5
 Yara's Violent Unravell  Hex/Alch       0%         3d3       100%        5
 Dispersal                Tloc           0%         N/A       100%        6
 Enfeeble                 Hex            0%         N/A       100%        7
 Dragon's Call            Summ           0%         N/A       100%        9


Dungeon Overview and Level Annotations

Branches:
Dungeon (15/15)            Temple (1/1) D:7            Lair (5/5) D:10
 Shoals (0/4) Lair:3       Spider (2/4) Lair:2        Slime (0/5) Lair:4
    Orc (2/2) D:12            Elf (0/3) Orc:2        Vaults (0/5) D:14
 Depths (0/4) D:15        Volcano (visited)

Altars:
Ashenzari
Cheibriados
Dithmenos
Elyvilon
Fedhas
Gozag
Hepliaklqana
Kikubaaqudgha
Makhleb
Nemelex Xobeh
Okawaru
Qazlal
Ru
Sif Muna
Trog
Uskayaw
Vehumet
Wu Jian
Xom
Yredelemnul
Zin
The Shining One
Beogh
Jiyva

Shops:
D:11 (   D:12 !   Orc:2 [!*

Annotations:
Lair:5 1 runed translucent door, Bediveer's ghost, journeyman DEHu


Innate Abilities, Weirdness & Mutations

Your life essence is reduced to manifest your ancestor. (-10% HP)
You can wield a second weapon in your off-hand.
It takes a long time for you to wield or remove held weapons.
Your first few attacks do less damage.
You cannot equip rings or amulets.
You are strong-willed. (Will+)
Your muscles are strong. (Str +4, Int/Dex -1)


Message History

The bolt of magma hits the redback!
The spark wasp attacks as it pursues you!
The spark wasp stings you but does no damage.
The redback bites austrian painter!
Austrian painter barely misses the redback.
Being near the torpor snail leaves you feeling lethargic.
The redback bites austrian painter! x2; Something misses austrian painter.
You feel yourself speed up.
The redback closely misses austrian painter.
Austrian painter points at the redback and mumbles some strange words.
The bolt of magma hits the redback!!
The redback dies!
Something bites austrian painter!
Austrian painter is destroyed!
The spark wasp stings you!! The spark wasp shocks you!
As you read the scroll of teleportation, it crumbles to dust.
You feel strangely unstable. The spark wasp stings you!
* * * LOW HITPOINT WARNING * * *
The spark wasp shocks you!
* * * LOW HITPOINT WARNING * * *
Being near the torpor snail leaves you feeling lethargic.
You feel better. The spark wasp stings you.
* * * LOW HITPOINT WARNING * * *
The spark wasp shocks you!
* * * LOW HITPOINT WARNING * * *
You feel better.
The spark wasp stings you but does no damage.
The emperor scorpion barely misses you. x3
The spark wasp stings you but does no damage.
You feel better.
The emperor scorpion closely misses you.
The emperor scorpion claws you but does no damage. x2
The spark wasp stings you!
* * * LOW HITPOINT WARNING * * *
The spark wasp shocks you!
* * * LOW HITPOINT WARNING * * *
The emperor scorpion closely misses you.
The emperor scorpion claws you.
You die...
Hepliaklqana delivers you to your ancestors.

#......# ....###.##...#
.. ....#.#......# ...
#.. #..#.......^#.^..
....# ......##^.......#
...#. #..^...#^..#.^...
.....####...#.....##..
#..#...#....#...#...#
#.##..##..#@..#......##
#.........#ys.#.....##
#.....ws.#...###
#.#.†#s.###..#.#
#..#....#......~
#..#..#.......~~
#†.#.#....#s...~
^...^#.##w# ..~
..##...#. w.. #


You could see an emperor scorpion, a steelbarb worm, a spark wasp, a torpor
snail and 2 redbacks.

Vanquished Creatures
  Jorgrun (Orc:2)
  A ghost moth (Spider:1)
  2 broodmothers (Spider:1)
  A spark wasp (Spider:2)
  A dire elephant (D:15)
  Josephine (D:11)
  Harold (D:9)
  Fannar (Lair:1)
  3 hydras
  5 centaur warriors
  4 boulder beetles
  A radroach (Spider:1)
  3 death knights
  2 dancing weapons (D:14)
  A deep troll shaman (Lair:5)
  3 two-headed ogres
  4 catoblepae
  2 demonic crawlers (Spider:1)
  11 death yaks
  3 orc high priests (Orc:2)
  A tengu warrior (D:14)
  3 skysharks (Lair:5)
  A skeletal warrior (D:14)
  3 pharaoh ants
  A fire crab (shapeshifter) (D:10)
  2 orb spiders (Spider:1)
  A sun moth (Spider:1)
  An arcanist (D:14)
  A deep elf archer (Volcano)
  4 phantasmal warriors (D:14)
  2 steelbarb worms
  An obsidian bat (Orc:2)
  6 deep elf pyromancers
  4 cyclopes
  5 orc sorcerers
  10 ugly things
  10 wolf spiders
  An oklob plant (Lair:1)
  2 moths of wrath (Spider:1)
  4 manticores
  10 elephants
  A salamander (D:15)
  3 kobold blastminers
  3 black mambas
  4 cane toads
  2 gargoyles
  4 torpor snails (Spider:1)
  Maggie (D:6)
  An unseen horror (D:12)
  A cane toad (shapeshifter) (D:15)
  Jeremiah (D:6)
  2 freezing wraiths
  A rime drake (Lair:4)
  3 komodo dragons
  7 tengu conjurers
  3 polar bears
  5 trolls
  A troll (shapeshifter) (D:15)
  2 hornets
  7 tarantellas
  12 blink frogs
  A raiju (shapeshifter) (D:14)
  9 jumping spiders
  2 shadows
  A vampire (D:10)
  11 culicivoras
  38 yaks
  12 slime creatures
  Eustachio (D:5)
  5 wyverns
  7 wraiths
  7 fire elementals
  3 steam dragons
  2 basilisks
  A warg (Orc:2)
  27 redbacks
  8 vampire mosquitoes
  An acid dragon (D:13)
  13 water moccasins
  Duvessa (D:5)
  10 hell hounds
  21 orc warriors
  2 black bears (Lair:5)
  2 sky beasts
  21 wolves
  9 centaurs
  2 ogres
  A phantom (D:5)
  2 kobold brigands
  4 scorpions
  10 bullfrogs
  6 wights
  Dowan (D:5)
  A killer bee (D:10)
  A bombardier beetle (D:3)
  2 electric eels (D:10)
  4 howler monkeys
  10 jellies
  A hound (D:10)
  32 orc priests
  A gnoll bouda (D:4)
  2 sleepcaps
  3 iguanas
  31 orc wizards
  8 gnolls
  An adder (D:6)
  2 white imps
  2 dart slugs
  2 ribbon worms
  69 orcs
  16 endoplasms
  3 giant cockroaches
  10 goblins
  5 hobgoblins
  2 jackals (D:3)
  4 quokkas
  5 ball pythons
  12 bats
  3 frilled lizards
  15 kobolds
  5 rats
681 creatures vanquished.

Vanquished Creatures (collateral kills)
  A spark wasp (Spider:1)
  Azrael (D:14)
  3 jorogumos (Spider:2)
  A centaur warrior (D:13)
  A boulder beetle (Spider:2)
  A two-headed ogre (D:10)
  A death yak (Lair:5)
  A tengu warrior (D:15)
  Urug (Orc:2)
  A pharaoh ant (Spider:1)
  A skyshark (Lair:5)
  An orb spider (Spider:1)
  A deep elf archer (Volcano)
  An obsidian bat (Orc:2)
  An oklob plant (Lair:1)
  3 deep elf pyromancers
  A manticore (D:14)
  3 wolf spiders
  2 ugly things (D:14)
  2 elephants
  2 kobold blastminers
  4 cane toads
  A gargoyle (D:11)
  An unseen horror (D:13)
  A komodo dragon (Lair:5)
  2 trolls
  A polar bear (Lair:2)
  A tarantella (Spider:1)
  A blink frog (Lair:5)
  Prince Ribbit (D:6)
  4 jumping spiders
  A shadow (D:10)
  5 culicivoras
  11 yaks
  3 fire elementals
  2 wraiths
  10 redbacks
  2 vampire mosquitoes
  2 basilisks
  8 orc warriors
  An ice beast (D:7)
  2 sky beasts
  An ogre (Orc:2)
  2 wolves
  2 centaurs (D:6)
  2 kobold brigands
  2 bullfrogs
  A scorpion (Lair:2)
  5 wights
  5 howler monkeys
  3 electric eels
  A hound (D:10)
  5 jellies (D:8)
  2 bombardier beetles
  9 orc priests
  9 orc wizards
  4 gnolls
  A shadow imp (D:7)
  A white imp (D:5)
  A ribbon worm (D:5)
  16 orcs
  An endoplasm (D:8)
  5 kobolds
  A bat (D:8)
173 creatures vanquished.

Vanquished Creatures (others)
  25 battlemagi
  An ancestor (D:6)
  2 orcs (D:11)
28 creatures vanquished.

Grand Total: 882 creatures vanquished

Notes
Turn   | Place    | Note
-------+----------+-------------------------------------------
     0 | D:1      | retardedninja the Coglin Fighter began the quest for the
                  | Orb.
     0 | D:1      | Reached XP level 1. HP: 18/18 MP: 1/1
    57 | D:1      | Reached XP level 2. HP: 19/24 MP: 2/2
   358 | D:1      | Reached XP level 3. HP: 29/29 MP: 3/3
   764 | D:2      | Found a blossoming altar of Fedhas.
  1421 | D:3      | Found a sparkling altar of Nemelex Xobeh.
  1606 | D:3      | Reached XP level 4. HP: 37/37 MP: 4/4
  1721 | D:3      | Gained mutation: Your body sometimes deteriorates upon
                  | taking damage. [potion of mutation]
  1721 | D:3      | Gained mutation: You have a pair of small horns on your
                  | head. [potion of mutation]
  1723 | D:3      | HP: 1/37 [burnt (1)]
  1726 | D:3      | Reached skill level 4 in Fighting
  1807 | D:3      | Lost mutation: You have a pair of small horns on your head.
                  | [potion of mutation]
  1807 | D:3      | Lost mutation: Your body sometimes deteriorates upon taking
                  | damage. [potion of mutation]
  1807 | D:3      | Gained mutation: Your muscles are strong. (Str +4, Int/Dex
                  | -1) [potion of mutation]
  1807 | D:3      | Gained mutation: You are strong-willed. (Will+) [potion of
                  | mutation]
  1960 | D:3      | Found a stormy altar of Qazlal.
  1962 | D:3      | Noticed an air elemental
  1962 | D:3      | Noticed a fire elemental
  1963 | D:3      | Noticed a water elemental
  1963 | D:3      | Noticed an earth elemental
  1993 | D:3      | Reached XP level 5. HP: 25/42 MP: 5/5
  2593 | D:3      | Found a broken altar of Ashenzari.
  2593 | D:3      | Found a hazy altar of Hepliaklqana.
  2593 | D:3      | Found a shimmering altar of Xom.
  2606 | D:3      | Became a worshipper of Hepliaklqana the Forgotten
  2690 | D:3      | Found a glowing silver altar of Zin.
  2830 | D:4      | Reached XP level 6. HP: 36/49 MP: 6/6
  3114 | D:4      | Reached * piety under Hepliaklqana
  3310 | D:4      | Reached skill level 5 in Fighting
  3663 | D:5      | Entered Level 5 of the Dungeon
  4063 | D:5      | Reached XP level 7. HP: 43/50 MP: 7/7
  4094 | D:5      | Noticed Duvessa
  4094 | D:5      | Noticed Dowan
  4104 | D:5      | Killed Duvessa
  4105 | D:5      | Reached skill level 5 in Axes
  4287 | D:5      | Killed Dowan
  4671 | D:5      | Reached skill level 6 in Fighting
  5245 | D:5      | Noticed Eustachio
  5268 | D:5      | Killed Eustachio
  5269 | D:5      | Reached XP level 8. HP: 49/58 MP: 8/8
  6139 | D:6      | Reached skill level 7 in Fighting
  6202 | D:6      | Reached skill level 5 in Armour
  6541 | D:6      | Noticed Jeremiah
  7341 | D:6      | Noticed Maggie
  7344 | D:6      | Noticed Prince Ribbit
  7352 | D:6      | Killed Maggie
  7353 | D:6      | Reached XP level 9. HP: 53/66 MP: 9/9
  7366 | D:6      | Killed Prince Ribbit
  7367 | D:6      | Reached skill level 8 in Fighting
  8046 | D:6      | Reached ** piety under Hepliaklqana
  8047 | D:6      | Remembered your ancestor austrian painter as a battlemage
  8060 | D:6      | Reached skill level 1 in Polearms
  8081 | D:6      | Killed Jeremiah
  8458 | D:7      | Found a shadowy altar of Dithmenos.
  8535 | D:7      | Reached skill level 9 in Fighting
  8784 | D:7      | Reached XP level 10. HP: 64/74 MP: 10/10
  9058 | D:7      | Found a staircase to the Ecumenical Temple.
  9058 | D:7      | Reached *** piety under Hepliaklqana
  9091 | Temple   | Entered the Ecumenical Temple
  9611 | D:8      | Reached skill level 5 in Polearms
 10244 | D:9      | Reached **** piety under Hepliaklqana
 10375 | D:9      | Reached skill level 10 in Fighting
 10623 | D:9      | Found a snail-covered altar of Cheibriados.
 10708 | D:9      | Noticed Harold
 10716 | D:9      | Killed Harold
 10717 | D:9      | Reached skill level 10 in Axes
 10717 | D:9      | Reached XP level 11. HP: 81/82 MP: 11/11
 10942 | D:10     | Entered Level 10 of the Dungeon
 10946 | D:10     | Found an ancient bone altar of Kikubaaqudgha.
 10954 | D:10     | Noticed a two-headed ogre
 10972 | D:10     | Killed a two-headed ogre
 11962 | D:10     | Found a staircase to the Lair.
 11975 | D:10     | Reached skill level 11 in Fighting
 12619 | D:10     | Noticed a wolf spider
 12619 | D:10     | Noticed a centaur warrior
 12623 | D:10     | Killed a wolf spider
 12625 | D:10     | a cane toad changed into a fire crab
 12625 | D:10     | Noticed a fire crab (shapeshifter)
 12626 | D:10     | Killed a fire crab
 12633 | D:10     | Killed a centaur warrior
 12837 | D:10     | Noticed a cyclops
 12837 | D:10     | Noticed a wolf spider
 12841 | D:10     | Killed a wolf spider
 12842 | D:10     | Reached XP level 12. HP: 75/90 MP: 12/12
 12850 | D:10     | Reached skill level 10 in Polearms
 13528 | Lair:1   | Entered Level 1 of the Lair of Beasts
 13647 | Lair:1   | Noticed Fannar
 13655 | Lair:1   | Killed Fannar
 13746 | Lair:1   | Reached ***** piety under Hepliaklqana
 13761 | Lair:1   | Reached skill level 12 in Fighting
 14135 | Lair:1   | Found a blossoming altar of Fedhas.
 15346 | Lair:2   | Found a hole to the Spider Nest.
 15557 | Lair:2   | Reached XP level 13. HP: 84/98 MP: 13/13
 16148 | Lair:3   | Reached skill level 13 in Fighting
 16634 | Lair:3   | Found a staircase to the Shoals.
 17364 | Lair:4   | Found a viscous altar of Jiyva.
 17364 | Lair:4   | Found a staircase to the Slime Pits.
 17596 | Lair:4   | You fall into a shaft and drop 1 floor!
 17596 | Lair:5   | Entered Level 5 of the Lair of Beasts
 18550 | Lair:4   | Reached XP level 14. HP: 39/107 MP: 9/14
 18833 | Lair:5   | Acquired an actuated booster {rPois rCorr Slay+3 Clar RMsl}
 18915 | Lair:5   | Reached skill level 14 in Fighting
 19428 | Lair:5   | Found a runed translucent door.
 19428 | Lair:5   | Noticed Bediveer's ghost (journeyman DEHu)
 21803 | D:11     | Reached skill level 10 in Armour
 21837 | D:11     | Noticed Josephine
 21842 | D:11     | Killed Josephine
 22017 | D:11     | Found Waqeijic's Antique Weapon Shoppe.
 22254 | D:12     | Found Heotiash's Distillery.
 22262 | D:12     | Bought a potion of curing for 42 gold pieces
 22262 | D:12     | Bought a potion of heal wounds for 70 gold pieces
 22262 | D:12     | Bought a potion of heal wounds for 70 gold pieces
 22262 | D:12     | Bought a potion of curing for 42 gold pieces
 22262 | D:12     | Bought a potion of curing for 42 gold pieces
 22262 | D:12     | Bought 2 potions of haste for 280 gold pieces
 22262 | D:12     | Bought a potion of resistance for 140 gold pieces
 22262 | D:12     | Bought a potion of mutation for 112 gold pieces
 22454 | D:12     | Found a staircase to the Orcish Mines.
 22718 | D:12     | Identified the beast talisman of Lugonu's Inspiration
                  | {rElec rPois Str+2 Int-2}
 22841 | D:12     | Found a roughly hewn altar of Beogh.
 23179 | D:12     | Reached skill level 15 in Fighting
 23458 | D:13     | Reached XP level 15. HP: 87/116 MP: 15/15
 23854 | D:14     | Reached ****** piety under Hepliaklqana
 24260 | Orc:1    | Entered Level 1 of the Orcish Mines
 24405 | Orc:1    | Found a roughly hewn altar of Beogh.
 24640 | Orc:2    | Entered Level 2 of the Orcish Mines
 24681 | Orc:2    | Noticed Jorgrun
 24682 | Orc:2    | Found a dark tunnel.
 24688 | Orc:2    | Killed Jorgrun
 24695 | Volcano  | Entered a volcano
 24763 | Volcano  | Reached skill level 15 in Axes
 25274 | Orc:2    | Noticed Urug
 25275 | Orc:2    | Found a staircase to the Elven Halls.
 25294 | Orc:2    | Killed Urug
 25762 | Orc:2    | Found Mepuc's Book Shop.
 25762 | Orc:2    | Found Pios's Antique Armour Boutique.
 25762 | Orc:2    | Found Mesas's Distillery.
 25945 | Orc:2    | Found Vaotulaiqa's General Store.
 25961 | Orc:2    | Bought 2 potions of berserk rage for 150 gold pieces
 25961 | Orc:2    | Bought a potion of might for 60 gold pieces
 25961 | Orc:2    | Bought a potion of curing for 45 gold pieces
 25961 | Orc:2    | Bought a potion of might for 60 gold pieces
 26228 | Orc:2    | Found a roughly hewn altar of Beogh.
 26376 | Orc:2    | Paralysed by an orc sorcerer for 4 turns
 28079 | D:14     | Reached skill level 16 in Fighting
 28083 | D:14     | Noticed Azrael
 28091 | D:14     | Reached skill level 15 in Polearms
 28551 | D:14     | Killed Azrael
 28566 | D:14     | Reached XP level 16. HP: 113/124 MP: 16/16
 28862 | D:14     | Found a gate to the Vaults.
 29182 | D:15     | Entered Level 15 of the Dungeon
 30323 | D:15     | Found a staircase to the Depths.
 30495 | D:15     | Reached skill level 1 in Invocations
 30819 | Spider:1 | Entered Level 1 of the Spider Nest
 33052 | Spider:1 | Reached skill level 17 in Fighting
 33783 | Spider:1 | Reached XP level 17. HP: 85/132 MP: 18/20
 35003 | Spider:2 | HP: 1/132 [spark wasp (17)]
 35003 | Spider:2 | Slain by an emperor scorpion

Illustrated notes

Levels and vault maps discovered:
D:1:      lemuel_arrival_broad_hall, layout_loops_ring, minmay_octomino_c4
D:2:      layout_loops_ring, basic_altar
D:3:      layout_loops_corners, mainiacjoe_overflow_tiny_flanked,
          nicolae_qazlal_style_of_elements, zin_treasury,
          gammafunk_temple_overflow_claw, minmay_misc_feat_nine_boxes,
          minmay_strange_pillars
D:4:      layout_cave_pools, kennysheep_nondescript, kennysheep_flooded_box,
          wad_orctagon
D:5:      layout_rooms, uniq_eustachio, uniq_duvessa
D:6:      layout_cave_pools, minmay_manual_mares, uniq_jeremiah, uniq_maggie,
          uniq_prince_ribbit1
D:7:      layout_basic, nicolae_dithmenos_the_darkroom,
          minmay_temple_entry_glassed_door
D:8:      lemuel_slime, layout_rooms, roderic_batcave
D:9:      layout_small_grid, lemuel_crystal_altar, statue_in_the_mist_lemuel,
          amethyst_killhole, uniq_harold
D:10:     nzn_winding_woodlands_three_and_one
          [nzn_winding_woodlands_5x15_pathside_ponds,
          nzn_winding_woodlands_5x15_zeroes, nzn_winding_woodlands_5x15_cabin,
          nzn_winding_woodlands_center_lodge], layout_irregular_city,
          kennysheep_mini, erik_lair_island
D:11:     layout_rooms, serial_shops, nicolae_shop_behind_doors,
          chequers_serial_rivers_micro_b, uniq_josephine
D:12:     layout_long_grid, minmay_orc_entry_temple_small, serial_shops,
          nicolae_shop_rolling_square
D:13:     layout_rooms
D:14:     layout_basic, erik_vaults_1, chequers_garden,
          ebering_dispersal_statue_hall, nicolae_water_bricks, uniq_azrael
D:15:     hangedman_depths_entry_try_elsewhere_first, layout_cave_pools,
          grunt_decor_mini_mirrors
Temple:   compressed_dpeg_triangle_lava_temple
Lair:1:   gammafunk_indiana_jones, layout_loops_ring, hangedman_tree_tricks,
          grunt_forest_small_clearing_treed, serial_bayou_shore_b, uniq_fannar
Lair:2:   layout_loops_ring, nicolae_spider_entry_lesser_pyramids,
          grunt_megastairs_2, infiniplex_staircase_pool
Lair:3:   layout_chaotic_city, elwin_shoals_entry_rooms
Lair:4:   layout_cave_pods, minmay_slime_entry_pillars
Lair:5:   grunt_lair_end_beastmaster, layout_regular_city,
          ebering_ghost_inner_flame, chequers_serial_rivers_micro_a,
          pdpol_lair_neglected_garden
Spider:1: nicolae_spider_broodchamber
Spider:2: nicolae_spider_obnoxious_hallway, portal_ice_cave_entry_ice_statue_one
Orc:1:    layout_diamond_mine, basic_altar
Orc:2:    st_orc_mages, layout_caves, nicolae_volcano_entry_lava_flow,
          minmay_orc_temple_c, uniq_urug, uniq_jorgrun

Skill      XL: |  1  2  3  4  5  6  7  8  9 10 11 12 13 14 15 16 |
---------------+-------------------------------------------------+-----
Armour         | 3 4 5 6 7 8 9 10 11 | 11.7
Axes           | 3 4 5 7 8 10 11 12 13 14 15 16 | 16.5
Fighting       | 4 5 6 7 9 10 11 12 13 15 16 17 | 17.2
Polearms       | 3 7 9 12 13 14 15 | 15.7
Invocations    | 4 |  4.5
Dodging        | |  0.5
Shields        | |  2.1

Action                     |  1- 3 |  4- 6 |  7- 9 | 10-12 | 13-15 | 16-18 || total
---------------------------+-------+-------+-------+-------+-------+-------++-------
  Melee: War axe           |   104 |    76 |   114 |   239 |   437 |   220 ||  1190
         Mace              |    34 |    68 |    87 |       |       |       ||   189
         Headbutt          |       |     1 |       |       |       |       ||     1
         Lance             |       |       |    38 |   313 |   658 |   294 ||  1303
 Invoke: Ancestor Identity |       |       |     1 |       |       |       ||     1
         Recall Ancestor   |       |       |     3 |       |     4 |     1 ||     8
         Ancestor Life: Ba |       |       |     1 |       |       |       ||     1
         Idealise          |       |       |       |       |     2 |     1 ||     3
Ability: Invent Gizmo      |       |       |       |       |     1 |       ||     1
  Evoke: Wand              |       |       |       |     6 |    15 |     7 ||    28
    Use: Potion            |       |    11 |     3 |     3 |    10 |    11 ||    38
         Scroll            |       |     2 |     9 |     5 |    19 |    11 ||    46
   Stab: Distracted        |       |       |     2 |     8 |    10 |     6 ||    26
         Petrified         |       |       |       |       |     6 |       ||     6
         Petrifying        |       |       |       |       |     1 |       ||     1
 Armour: Scale mail        |    82 |    87 |   118 |       |       |       ||   287
         Chain mail        |       |       |    17 |       |       |       ||    17
         Plate armour      |       |       |     8 |   234 |   442 |   313 ||   997
  Dodge: Dodged            |    41 |    31 |    73 |    57 |   124 |    92 ||   418
         Repelled          |       |       |       |       |    40 |     7 ||    47
  Block: Buckler           |    14 |       |       |       |       |       ||    14

Table legend: (Time is in decaauts)
 A = Elapsed time spent in this place.
 B = Non-inter-level travel time spent in this place.
 C = Inter-level travel time spent in this place.
 D = Time resting spent in this place.
 E = Time spent auto-exploring this place.
 F = Levels seen in this place.
 G = Mean time per level.
                   A        B        C        D        E       F      G
               +--------+--------+--------+--------+--------+-----+--------+
         Total |  34570 |  33239 |   1331 |  13328 |  15663 |  26 | 1329.6 |
       Dungeon |  20659 |  19872 |    787 |   7939 |   9483 |  15 | 1377.3 |
        Temple |     25 |     13 |     12 |      0 |      0 |   1 |   25.0 |
          Lair |   7243 |   6982 |    261 |   1990 |   4211 |   5 | 1448.6 |
   Spider Nest |   4045 |   3975 |     70 |   2792 |    717 |   2 | 2022.5 |
  Orcish Mines |   2157 |   1959 |    198 |    365 |   1192 |   2 | 1078.5 |
       Volcano |    438 |    438 |      0 |    242 |     60 |   1 |  438.0 |
               +--------+--------+--------+--------+--------+-----+--------+

Top non-repeatable levels by time:
Spider:1: 3832 daAuts
     D:5: 3441 daAuts
    D:10: 3370 daAuts
  Lair:5: 1984 daAuts
    D:13: 1968 daAuts
   Orc:2: 1587 daAuts
  Lair:4: 1585 daAuts
    D:15: 1446 daAuts
  Lair:1: 1323 daAuts
  Lair:2: 1299 daAuts
     D:4: 1289 daAuts
     D:3: 1284 daAuts
    D:12: 1252 daAuts
    D:14: 1057 daAuts
  Lair:3: 1050 daAuts
